 Dungeon Crawl Stone Soup version 0.21.1-1-g345015f (webtiles) character file.

51 Monsterracer the Cutter (level 3, -8/29 HPs)
             Began as a Vampire Fighter on July 12, 2018.
             Killed by divine providence
             ... invoked by an orc priest
              (15 damage)
             ... on level 4 of the Dungeon.
             The game lasted 00:02:31 (1362 turns).

Monsterracer the Cutter (Vampire Fighter)           Turns: 1362, Time: 00:02:33

Health: -8/29      AC:  6    Str: 15    XL:     3   Next: 58%
Magic:  3/3        EV:  6    Int: 10    God:
Gold:   68         SH:  9    Dex: 14    Spells: 2/2 levels left

rFire    . . .     SeeInvis +   a - +0 rapier
rCold    . . .     Gourm    .   c - +0 shield
rNeg     . . .     Faith    .   b - +0 scale mail
rPois    .         Spirit   .   (no helmet)
rElec    .         Reflect  .   (no cloak)
rCorr    .         Harm     .   (no gloves)
MR       .....     Rnd*Tele +   (no boots)
Stlth    ..........             (no amulet)
HPRegen  0.29/turn              j - ring of teleportation (curse)
MPRegen  0.08/turn              (no ring)

@: regenerating quickly
A: fangs 3, see invisible, unbreathing
a: no special abilities


You were on level 4 of the Dungeon.
You were full.

You visited 1 branch of the dungeon, and saw 3 of its levels.

You collected 68 gold pieces.

Inventory:

Hand Weapons
 a - a +0 rapier (weapon)
Armour
 b - a +0 scale mail (worn)
 c - a +0 shield (worn)
Jewellery
 j - a cursed ring of teleportation (left hand)
 k - an uncursed ring of fire
Scrolls
 m - a scroll of identify
Potions
 d - a potion of might
 e - a potion of flight {unknown}
 h - 2 potions of curing {unknown}
 i - 3 potions of agility
 l - a potion of magic {unknown}
 q - 9 potions of blood


   Skills:
 + Level 3.1 Fighting
 * Level 3.5 Short Blades
 - Level 2.4 Armour
 + Level 3.1 Shields


You had 2 spell levels left.
You didn't know any spells.

Dungeon Overview and Level Annotations

Branches:
Dungeon (2/15)

Altars:

Annotations:
D:4 poirepourri's ghost, amateur MiFi


Innate Abilities, Weirdness & Mutations

Your natural rate of healing is unusually fast.
You have razor-sharp teeth.
You have supernaturally acute eyesight. (SInv)
You can survive without breathing.


Message History

The hobgoblin is almost dead.
The hobgoblin hits you but does no damage.
A hobgoblin is nearby!
You hit the hobgoblin.
You kill the hobgoblin!
e - a pink potion No target in view!
Key pressed, stopping explore.
No target in view!
i - 3 gluggy blue potions (gained 1) As you open the door, it creaks loudly!
You hear a shout!
There is an open door here.
A kobold comes into view. It is wielding a whip.
The kobold shouts!
A kobold is nearby!
You block the kobold's attack.
A kobold is nearby!
You miss the kobold. The kobold hits you with a whip.
You take 1 damage, and have 28/29 hp.
A kobold is nearby!
Your shield prevents you from hitting the kobold.
The kobold hits you but does no damage.
Health restored: 29 A kobold is nearby!
Your shield and scale mail prevent you from hitting the kobold.
You block the kobold's attack.
You barely miss the kobold.
The kobold hits you but does no damage. x2
A kobold is nearby!
You completely miss the kobold. You block the kobold's attack.
You puncture the kobold!
You kill the kobold!
No target in view!
Things that are here:
a whip; a kobold corpse No target in view!
You bottle the corpse's blood.
q - 9 potions of blood (gained 1)
You see here a whip. x2
Found a ration.
You see here a ration.
Found a glowing hunting sling.
You see here a whip.
There is an open door here.
You fall through a shaft for 2 floors!
The shaft crumbles and collapses.
m - 2 scrolls labeled ETUYDU NIMA (gained 1) Poirepourri's ghost (amateur Minotaur Fighter) comes into view.
Poirepourri's ghost turns its malevolent gaze towards you.
Found a leather armour.
Poirepourri's ghost is nearby!
A bullfrog skeleton comes into view.
The bullfrog skeleton moves out of view.
Found a ration.
A worker ant comes into view.
The worker ant twitches its antennae in your direction.
The bullfrog skeleton hits you.
Found a ring mail.
You take 3 damage, and have 26/29 hp.
The bullfrog skeleton hits you but does no damage.
The worker ant waves its antennae.
The bullfrog skeleton hits you.
You take 1 damage, and have 26/29 hp.
You are suddenly yanked towards some nearby monsters!
Your surroundings suddenly seem different.
An orc priest comes into view. It is wielding a hand axe.
The orc priest shouts!
An orc comes into view. It is wielding a war axe.
The orc shouts!
An orc comes into view.
The orc shouts!
An ogre comes into view. It is wielding a giant club.
The ogre shouts!
You hear a shout!
Found 2 javelins and a black potion.
Found a stone staircase leading down.
You see here 2 javelins.
You hit the orc priest.
The orc priest is moderately wounded.
The orc priest miscasts a cantrip.
The orc hits you with a war axe.
As you read the scroll labeled ETUYDU NIMA, it crumbles to dust.
It is a scroll of identify.
i - 3 potions of agility The orc priest hits you with a hand axe.
The orc hits you with a war axe!
An orc comes into view. It is wielding a mace of protection.
You take 11 damage, and have 15/29 hp.
MASSIVE DAMAGE!!
As you read the scroll labeled CIONETZ RINN, it crumbles to dust.
You smell pepper.
It was a scroll of random uselessness.
The orc hits you.
* * * LOW HITPOINT WARNING * * *
The orc priest hits you with a hand axe.
* * * LOW HITPOINT WARNING * * *
You take 7 damage, and have 8/29 hp.
MASSIVE DAMAGE!!
As you read the scroll labeled YSUUMOSHROV, it crumbles to dust.
You hear a loud clanging noise!
It was a scroll of noise.
You hear a shout! x3; You hear an angry hiss.
You hear a shout! x3
The orc barely misses you. The orc hits you.
* * * LOW HITPOINT WARNING * * *
The orc priest mumbles some strange prayers to Beogh against you.
Beogh smites you!
Ouch! That really hurt!
You die...

.. .#
## #
!##. ..
##...
.>
....#.#
##O.o.


#ooo# #.@.# #.### ## You could see an ogre, an orc priest and 3 orcs.

Vanquished Creatures
  An ooze (D:1)
  A worm (D:2)
  2 dart slugs
  2 giant cockroaches
  8 goblins
  4 hobgoblins
  4 jackals (D:1)
  4 bats (D:1)
  A frilled lizard (D:2)
  5 kobolds
  4 rats
36 creatures vanquished.

Notes
Turn   | Place    | Note
-------+----------+-------------------------------------------
     0 | D:1      | Monsterracer the Vampire Fighter began the quest for the Orb.
     0 | D:1      | Reached XP level 1. HP: 17/17 MP: 1/1
   122 | D:1      | Reached XP level 2. HP: 23/23 MP: 2/2
   520 | D:1      | Reached XP level 3. HP: 23/29 MP: 3/3
  1326 | D:2      | You fall through a shaft for 2 floors!
  1346 | D:4      | Noticed poirepourri's ghost (amateur MiFi)
  1358 | D:4      | Noticed an ogre
  1361 | D:4      | HP: 14/29 [orc (1)]
  1362 | D:4      | Killed from afar by an orc priest

Skill      XL: |  1  2 |
---------------+-------+-----
Fighting       | 3 |  3.1
Short Blades   | 3 |  3.5
Shields        | 3 |  3.1
Armour         | |  2.4

Action                   || total
-------------------------++-------
Melee: Rapier            ||   119
       Bite              ||    11
  Use: Potion            ||     8
       Scroll            ||     3
Armor: Scale mail        ||    72
Dodge: Dodged            ||    40
Block: Shield            ||    51

Vault maps used:
D:1:      nicolae_arrival_washed_ashore, minmay_split_cup_small
D:2:      uniq_natasha
D:4:      minmay_diamond_boxcup, first_ration, uniq_ijyb
